 Dungeon Sprint DCSS version 0.23-a0-681-g26ad783 (webtiles) character file.

3931 emperorscorpion the Imperceptible (level 10, -2/76 HPs)
             Began as a Vampire Assassin on Jan 10, 2019.
             Was a Believer of Ru.
             Killed from afar by a rime drake (25 damage)
             ... with a flash freeze
             ... in the Dungeon (Sprint IX: "|||||||||||||||||||||||||||||").
             The game lasted 00:05:15 (383 turns).

emperorscorpion the Imperceptible (Vampire Assassin) Turns: 383, Time: 00:05:16

Health: -2/76      AC:  6    Str: 13    XL:     10   Next: 1%
Magic:  11/13      EV: 15    Int: 17    God:    Ru [**....]
Gold:   23         SH:  0    Dex: 19    Spells: 9/9 levels left

rFire    . . .     SeeInvis +   a - +4 rapier (elec)
rCold    . . .     Gourm    .   (no shield)
rNeg     . . .     Faith    .   x - +0 troll leather armour
rPois    .         Spirit   .   (no helmet)
rElec    .         Reflect  .   d - +0 cloak
rCorr    .         Harm     .   s - +0 pair of gloves
MR       +....     NoTele   +   (no boots)
Stlth    +++++++++.             (no amulet)
HPRegen  0.82/turn              v - +3 ring of intelligence
MPRegen  0.13/turn              w - +3 ring of strength

@: no potions, regenerating quickly
A: fangs 3, see invisible, unbreathing, inability to drink while threatened, no
conjurations magic, no necromancy magic, no poison magic
a: Renounce Religion


You were in the Dungeon.
You worshipped Ru.
Ru was pleased with you.
You were very full.

You visited 1 branch You collected 23 gold pieces.

Inventory:

Hand Weapons
 a - a +4 rapier of electrocution (weapon)
 b - a +2 scimitar of flaming
 q - a +2 dagger
 r - a +0 blowgun
Missiles
 e - 6 poisoned needles
 f - 2 curare-tipped needles
Armour
 c - a +0 robe
 d - a +0 cloak (worn)
 s - a +0 pair of gloves (worn)
 t - a +0 cloak
 u - a +1 chain mail
 x - a +0 troll leather armour (worn)
Magical Staves
 p - an uncursed staff of energy
Jewellery
 v - a +3 ring of intelligence (left hand)
 w - a +3 ring of strength (right hand)
Wands
 o - a wand of acid (6)
Scrolls
 l - 6 scrolls of remove curse
 m - a scroll of blinking
 n - 2 scrolls of amnesia
 y - 2 scrolls of identify
Potions
 g - a potion of invisibility
 h - 8 potions of curing
 i - 3 potions of heal wounds
 j - a potion of haste
 k - 4 potions of magic
 z - 4 potions of blood
 A - a potion of mutation
 B - 2 potions of brilliance


   Skills:
 + Level 6.2 Fighting
 + Level 7.3 Short Blades
 + Level 4.8 Throwing
 + Level 1.6 Armour
 + Level 5.1 Dodging
 * Level 26.2 Stealth
 + Level 4.0 Evocations


You had 9 spell levels left.
You didn't know any spells.
Your spell library was empty.

Dungeon Overview and Level Annotations

Branches:
Dungeon (1/1)

Altars:
Cheibriados
Dithmenos
Elyvilon
Fedhas
Gozag
Hepliaklqana
Kikubaaqudgha
Makhleb
Nemelex Xobeh
Okawaru
Qazlal
Ru
Sif Muna
Trog
Uskayaw
Vehumet
Wu Jian
Xom
Yredelemnul
Zin
The Shining One
Beogh
Jiyva
Lugonu


Innate Abilities, Weirdness & Mutations

Your natural rate of healing is unusually fast.
You have razor-sharp teeth.
You have supernaturally acute eyesight. (SInv)
You can survive without breathing.
You cannot drink potions while threatened.
You cannot study or cast Conjurations magic.
You cannot study or cast Necromancy magic.
You cannot study or cast Poison magic.


Message History

Press: ? - help, Shift-Dir - straight line, f/p - spiny frog
Aim: a spiny frog (almost dead)
The bolt of acid hits the spiny frog.
The spiny frog is splashed with acid.
The acid corrodes the spiny frog!
You kill the spiny frog!
Your Dodging skill increases to level 5!
Your Stealth skill increases to level 26!
Your Evocations skill increases to level 4!
The bolt of acid misses the blink frog.
The bolt of acid hits the wolf.
The wolf is splashed with acid.
The acid corrodes the wolf!
The wolf is almost dead.
The blink frog blinks!
Unknown command.
The blink frog blinks!
You hit the wolf. Lightning courses through the wolf!
You kill the wolf!
You have reached level 10!
You feel agile. The rime drake breathes ice at you. The flash freeze hits you!
You die...

▓_▓.▓.▓
▓_▓.▓.▓
▓_▓.▓S▓
▓_▓.▓S▓
▓_▓.▓l▓
▓_▓.▓k▓
▓_▓.▓†▓
▓_▓.▓'▓
▓_▓.▓@▓
▓_▓.▓F▓
▓_▓.▓.▓
▓_▓.▓†▓
▓_▓.▓.▓
▓_▓.▓.▓
▓_▓.▓†▓
▓_▓.▓.▓
▓_▓.▓.▓


You could see a komodo dragon, a blink frog, a rime drake and 2 water moccasins.

Vanquished Creatures
  A two-headed ogre (D)
  A manticore (D)
  Maurice (D)
  2 spiny frogs (D)
  A gargoyle (D)
  A komodo dragon (D)
  A troll (D)
  A jumping spider (shapeshifter) (D)
  A hippogriff (D)
  A yak (D)
  A porcupine (D)
  A wolf (D)
  A crocodile (D)
  4 bullfrogs (D)
  2 scorpions (D)
  A crimson imp (D)
  2 worker ants (D)
  A shadow imp (D)
  An ooze (D)
  An orc (D)
  A goblin (D)
  A hobgoblin (D)
  A jackal (D)
  A quokka (D)
  A ball python skeleton (D)
  A giant cockroach zombie (D)
  A kobold (D)
  A rat (D)
34 creatures vanquished.

Notes
Turn   | Place    | Note
-------+----------+-------------------------------------------
     0 | D        | emperorscorpion the Vampire Assassin began the quest for
                  | the Orb.
     0 | D        | Reached XP level 1. HP: 16/16 MP: 1/1
    11 | D        | Reached skill level 7 in Stealth
    18 | D        | Reached XP level 2. HP: 10/22 MP: 2/2
    21 | D        | Reached skill level 8 in Stealth
    72 | D        | Noticed a scorpion
    72 | D        | Noticed a crimson imp
    81 | D        | Reached skill level 10 in Stealth
    81 | D        | Reached XP level 3. HP: 28/28 MP: 3/3
    84 | D        | Reached skill level 11 in Stealth
    84 | D        | Reached XP level 4. HP: 34/34 MP: 4/4
    90 | D        | Reached skill level 13 in Stealth
    95 | D        | Found a roughly hewn altar of Beogh.
    95 | D        | Found a snail-covered altar of Cheibriados.
    95 | D        | Found a shadowy altar of Dithmenos.
    95 | D        | Found a white marble altar of Elyvilon.
    95 | D        | Found a blossoming altar of Fedhas.
    95 | D        | Found an opulent altar of Gozag.
    96 | D        | Found a hazy altar of Hepliaklqana.
    97 | D        | Found a viscous altar of Jiyva.
    98 | D        | Found an ancient bone altar of Kikubaaqudgha.
    99 | D        | Found a corrupted altar of Lugonu.
   100 | D        | Found a burning altar of Makhleb.
   101 | D        | Found a sparkling altar of Nemelex Xobeh.
   102 | D        | Found an iron altar of Okawaru.
   103 | D        | Found a stormy altar of Qazlal.
   104 | D        | Found a sacrificial altar of Ru.
   105 | D        | Found a deep blue altar of Sif Muna.
   106 | D        | Found a bloodstained altar of Trog.
   107 | D        | Found a hide-covered altar of Uskayaw.
   108 | D        | Found a radiant altar of Vehumet.
   109 | D        | Found an ornate altar of the Wu Jian Council.
   110 | D        | Found a shimmering altar of Xom.
   111 | D        | Found a basalt altar of Yredelemnul.
   112 | D        | Became a worshipper of Ru the Awakened
   113 | D        | Found a glowing silver altar of Zin.
   114 | D        | Found a glowing golden altar of the Shining One.
   151 | D        | Noticed a bullfrog
   151 | D        | Noticed a troll
   153 | D        | Killed a bullfrog
   153 | D        | Reached skill level 15 in Stealth
   153 | D        | Reached XP level 5. HP: 41/41 MP: 5/5
   155 | D        | Killed a troll
   155 | D        | Reached skill level 18 in Stealth
   155 | D        | Reached XP level 6. HP: 17/48 MP: 6/6
   183 | D        | Noticed a jumping spider
   183 | D        | Noticed a manticore
   183 | D        | Noticed a two-headed ogre
   183 | D        | Noticed a gargoyle
   186 | D        | Killed a gargoyle
   186 | D        | Reached skill level 5 in Short Blades
   186 | D        | Reached skill level 20 in Stealth
   186 | D        | Reached skill level 1 in Evocations
   186 | D        | Reached XP level 7. HP: 36/55 MP: 6/8
   192 | D        | Killed a two-headed ogre
   192 | D        | Reached skill level 5 in Fighting
   192 | D        | Reached skill level 22 in Stealth
   192 | D        | Reached XP level 8. HP: 25/62 MP: 6/9
   199 | D        | Killed a manticore
   199 | D        | Reached skill level 23 in Stealth
   200 | D        | Killed a jumping spider
   200 | D        | Reached XP level 9. HP: 12/68 MP: 7/11
   212 | D        | Gained mutation: You cannot study or cast Poison magic. [Ru
                  | sacrifice]
   212 | D        | Gained mutation: You cannot study or cast Necromancy magic.
                  | [Ru sacrifice]
   212 | D        | Gained mutation: You cannot study or cast Conjurations
                  | magic. [Ru sacrifice]
   212 | D        | Reached * piety under Ru
   257 | D        | Noticed Maurice
   264 | D        | Killed Maurice
   264 | D        | Reached skill level 1 in Armour
   264 | D        | Reached skill level 24 in Stealth
   345 | D        | Noticed a komodo dragon
   345 | D        | Noticed a spiny frog
   347 | D        | Killed a spiny frog
   351 | D        | Reached skill level 25 in Stealth
   357 | D        | Killed a komodo dragon
   367 | D        | Gained mutation: You cannot drink potions while threatened.
                  | [Ru sacrifice]
   367 | D        | Reached ** piety under Ru
   372 | D        | Noticed a komodo dragon
   372 | D        | Noticed a rime drake
   372 | D        | Noticed a spiny frog
   381 | D        | Killed a spiny frog
   381 | D        | Reached skill level 5 in Dodging
   381 | D        | Reached skill level 26 in Stealth
   383 | D        | Reached XP level 10. HP: 22/76 MP: 11/13
   383 | D        | Killed from afar by a rime drake

Vault maps used:
D:        linesprint

Skill      XL: |  1  2  3  4  5  6  7  8  9 |
---------------+----------------------------+-----
Fighting       | 2 3 4 5 6 |  6.2
Stealth        | 7 10 11 15 18 20 22 23 26 | 26.2
Throwing       | 2 3 4 |  4.8
Short Blades   | 3 4 5 6 7 |  7.3
Dodging        | 2 3 4 5 |  5.1
Evocations     | 1 2 4 |  4.0
Armour         | 1 |  1.6

Action                   |  1- 3 |  4- 6 |  7- 9 | 10-12 || total
-------------------------+-------+-------+-------+-------++-------
Melee: Dagger            |    26 |     5 |       |       ||    31
       Bite              |     4 |     2 |     3 |       ||     9
       Rapier            |       |     2 |    22 |       ||    24
 Fire: Blowgun           |       |       |     6 |       ||     6
Invok: Sacrifice Drink   |       |       |     1 |       ||     1
       Sacrifice Arcana  |       |       |     1 |       ||     1
Evoke: Wand              |       |     4 |     8 |       ||    12
  Use: Potion            |     5 |     2 |     1 |       ||     8
       Scroll            |       |       |     3 |       ||     3
 Stab: Sleeping          |     1 |       |     7 |       ||     8
Armor: Robe              |     2 |       |       |       ||     2
       Troll leather arm |       |       |     3 |       ||     3
Dodge: Dodged            |     9 |     8 |     9 |       ||    26

Table legend:
 A = Non-vault XP
 B = Vault XP
 C = Vault XP percentage of total XP
 D = Non-vault monster count
 E = Vault monster count
 F = Vault count percentage of total count
                 A         B        C        D         E       F
            +---------+---------+-------+---------+---------+-------
      Total |       0 |    5616 | 100.0 |       0 |      34 | 100.0
            +---------+---------+-------+---------+---------+-------
          D |       0 |    5616 | 100.0 |       0 |      34 | 100.0
            +---------+---------+-------+---------+---------+-------
